AoeStats
← Rexan_

MegaRandom

508532342Analyzed
4v4 RM · 11d ago on Sep 22, 2026· 41m 46s· 8 players
Game mode
Random Map
Map size
Large (8 player)
Population
200
Speed
Normal
Resources
Standard
Victory
Conquest
Starting age
Dark Age
Ending age
Imperial Age
RankedLock teamsTeams togetherTeam positionsShared explorationLock speedFull tech treeHidden civsTurbo modeCheats
Victory
Defeat
🇨🇳 Berbers · China
1222
+14
1212
+14
🇨🇳 Britons · China
1200
+14
🇨🇳 Random · China
1100
+19
🇦🇷 Random · Argentina
1220
-17
🇲🇽 Ethiopians · Mexico
1154
-15
🇷🇺 Berbers · Russia
1149
-15
🇷🇺 Celts · Russia
1134
-14
米德维奇小学副校长
1:25 Loom
4:09 Loom
9:19 Loom
11:33 Feudal Age
12:17 Double-Bit Axe
13:12 Horse Collar
15:51 Bloodlines
17:04 Forging
18:58 Wheelbarrow
23:09 Castle Age
24:10 Gold Mining
24:11 Stone Mining
24:46 Husbandry
27:09 Stone Shaft Mining
27:12 Gold Shaft Mining
26:55 Scale Barding Armor
27:27 Iron Casting
27:32 Heavy Plow
27:42 Bow Saw
34:14 Chain Barding Armor
40:05 Imperial Age
41:08 Conscription
小天
10:44 Feudal Age
17:53 Castle Age
16:48 Double-Bit Axe
16:47 Horse Collar
22:18 Scale Mail Armor
24:01 Gambesons
24:18 Squires
24:03 Arson
27:18 Gold Mining
29:18 Chain Mail Armor
29:14 Forging
41:17 Imperial Age
41:03 Iron Casting
41:23 Shield Wall
42:27 Conscription
41:36 Elite Varangian Guard
陌陌伽
7:32 Loom
10:57 Feudal Age
12:04 Double-Bit Axe
17:03 Castle Age
15:34 Horse Collar
18:05 Bow Saw
19:16 Heavy Plow
20:10 Scale Barding Armor
21:33 Bloodlines
25:47 Light Cavalry
27:25 Wheelbarrow
27:30 Chain Barding Armor
33:23 Hand Cart
36:57 Forging
37:26 Gold Mining
37:26 Stone Mining
37:47 Husbandry
41:43 Imperial Age
40:36 Iron Casting
余念
5:35 Loom
12:01 Feudal Age
15:40 Double-Bit Axe
18:44 Castle Age
17:02 Fletching
18:48 Crossbowman
21:01 Wheelbarrow
20:52 Pikeman
21:57 Gold Mining
22:26 Bow Saw
29:03 Bodkin Arrow
30:58 Horse Collar
31:50 Stone Mining
33:02 Padded Archer Armor
34:25 Ballistics
38:15 Imperial Age
38:39 Capped Ram
39:46 Bracer
40:02 Leather Archer Armor
40:49 Chemistry
40:18 Arbalester
Cuauhpilli
4:09 Loom
11:44 Feudal Age
15:55 Castle Age
14:52 Double-Bit Axe
15:13 Fletching
15:58 Crossbowman
18:58 Bodkin Arrow
26:13 Ballistics
27:10 Padded Archer Armor
lokki202
6:11 Loom
12:46 Feudal Age
16:29 Castle Age
14:25 Double-Bit Axe
14:30 Horse Collar
20:42 Pikeman
24:54 Scale Barding Armor
28:23 Bow Saw
29:47 Elite Skirmisher
34:09 Scale Mail Armor
34:19 Forging
34:22 Stone Mining
38:10 Forging
38:15 Chain Mail Armor
39:55 Heavy Plow
40:20 Fletching
40:33 Padded Archer Armor
ju@mpi
0:33 Loom
13:35 Feudal Age
14:25 Double-Bit Axe
18:22 Castle Age
16:36 Stone Mining
16:45 Gold Mining
18:04 Horse Collar
19:36 Wheelbarrow
21:38 Fishing Lines
24:49 Bow Saw
25:38 Heavy Plow
28:49 Gillnets
38:30 Imperial Age
39:44 Conscription
40:10 Crop Rotation
40:23 Scale Barding Armor
40:28 Forging
40:19 Scale Mail Armor
40:11 Gothikon
42:11 Hand Cart
Rexan_
10:19 Loom
12:11 Feudal Age
13:42 Double-Bit Axe
17:13 Castle Age
15:04 Horse Collar
19:06 Bow Saw
23:00 Gold Mining
25:19 Wheelbarrow
25:37 Heavy Plow
26:41 Hand Cart
27:14 Town Watch
27:54 Scale Barding Armor
29:56 Chain Barding Armor
30:34 Ballistics
30:05 Fletching
31:13 Forging
32:11 Bloodlines
32:01 Husbandry
35:03 Imperial Age
35:58 Iron Casting
34:47 Light Cavalry
36:18 Plate Barding Armor
37:28 Iron Casting
36:18 Hussar
36:57 Heavy Camel Rider
39:17 Blast Furnace
38:16 Hussar
39:35 Crop Rotation
Connection lost

Rejoining the realm…

Still unreachable

The connection could not be restored.

Session expired

The server has moved on; the page needs a fresh start.